 Dungeon Crawl Stone Soup version 0.28-a0-1241-gf280a0fbb2 (webtiles) character file.

Game seed: 3415841757822080362

171 ChaosChampion the Ruffian (level 5, 0/42 HPs)
             Began as a Draconian Transmuter on Dec 26, 2021.
             Slain by Ijyb (4 damage)
             ... on level 3 of the Dungeon.
             The game lasted 00:03:06 (3244 turns).

ChaosChampion the Ruffian (Draconian Transmuter)    Turns: 3244, Time: 00:03:07

Health: 0/42       AC:  2    Str: 13    XL:     5   Next: 26%
Magic:  4/8        EV: 20    Int: 15    God:
Gold:   126        SH:  0    Dex: 16    Spells: 2/8 levels left

rFire   . . .      SeeInvis .     - Unarmed
rCold   . . .      Faith    .   (shield currently unavailable)
rNeg    . . .      Spirit   .   (armour unavailable)
rPois   x          Reflect  .   (helmet currently unavailable)
rElec   .          Harm     .   (cloak currently unavailable)
rCorr   .          Rampage  .   (gloves currently unavailable)
Will    .....                   (boots currently unavailable)
Stlth   +.........              (no amulet)
HPRegen 0.14/turn               (no ring)
MPRegen 0.11/turn               (no ring)

@: spider-form (expiring)
A: venomous fangs, AC +5, tiny, unfitting armour, (cold-blooded)
a: End Transformation


You were on level 3 of the Dungeon.
You were a venomous arachnid creature.
You visited 1 branch of the dungeon, and saw 3 of its levels.

You collected 126 gold pieces.

Inventory:

Scrolls
 a - a scroll of enchant armour {unknown}
 c - 3 scrolls of identify {unknown}
 e - a scroll of teleportation {unknown}
 g - a scroll of fog {unknown}
 h - a scroll of enchant weapon {unknown}
Potions
 b - a potion of heal wounds {unknown}
 d - 2 potions of curing {unknown}
 f - 2 potions of resistance {unknown}
 i - a potion of degeneration {unknown}


   Skills:
 + Level 2.6 Fighting
 + Level 2.7 Dodging
 * Level 4.4 Unarmed Combat
 - Level 2.0 Spellcasting
 + Level 2.9 Transmutations


You had 2 spell levels left.
You knew the following spells:

 Your Spells              Type           Power      Damage    Failure   Level
a - Beastly Appendage     Tmut           20%        N/A       19%         1
b - Wereblood             Tmut           10%        N/A       24%         2
c - Spider Form           Tmut/Pois      5%         N/A       58%         3

Your spell library contained the following spells:

 Spells                   Type           Power      Damage    Failure   Level
 Ice Form                 Ice/Tmut       5%         N/A       90%         4


Dungeon Overview and Level Annotations

Branches:
Dungeon (3/15)

Altars:
Vehumet

Shops:
D:3 [

Annotations:
D:3 2 transporters, Ijyb; kelmiir's ghost, amateur GnFE


Innate Abilities, Weirdness & Mutations

You are a venomous arachnid creature.
You have poisonous fangs.
You are tiny and dextrous.
Your spellcasting is less reliable in this form.
Your armour is entirely melded.
You are incapable of wielding weapons or throwing items.
((Your plain brown scales are hard. (AC +5)))
You cannot fit into any form of body armour.
((You are cold-blooded and may be slowed by cold attacks.))


Message History

You miscast Wereblood.
You are very lightly contaminated with residual magic.
Nothing appears to happen.
A bat comes into view.
The adder bites you.
You are poisoned.
The adder poisons you! The endoplasm hits you. Ijyb barely misses you.
The adder misses you.
You hit the adder.
The adder is poisoned.
The adder is severely wounded.
You feel sick. The endoplasm freezes you.
You are frozen.
* * * LOW HITPOINT WARNING * * *
The adder closely misses you.
Ijyb zaps a wand.
You resist with some effort.
You barely miss the adder.
The adder is severely wounded.
You feel sick. The adder misses you. The endoplasm misses you.
Ijyb closely misses you.
You hit the adder.
You kill the adder!
You feel sick. The bat hits you but does no damage. The endoplasm hits you.
* * * LOW HITPOINT WARNING * * *
Ijyb completely misses you.
You hit the endoplasm but do no damage.
You feel sick. The bat barely misses you. The endoplasm closely misses you.
Ijyb closely misses you.
You bite the endoplasm!
You kill the endoplasm!
Your transformation is almost over.
You feel sick. The bat barely misses you. Ijyb misses you.
You closely miss the bat.
You feel sick. The bat completely misses you. Ijyb misses you.
You hit the bat.
You kill the bat!
You feel sick.
You are no longer poisoned.
Your magical contamination has completely faded away.
You barely miss Ijyb. Ijyb hits you with a +0 dagger.
You die...

##.# #.....# #.......#
##.#######.########.......#
#...# #.#..............#
#...# ##'#'######.......#
#...# #.....# #.........#
#<..# #.....###.........#
##..# #.....#...........#
.†..# #######..........##
##.### #.s.######.# .....#
#..g.....# ..# ##..##
#........# .# ##..#
#.......... ##..#
#.........# ##..#
#........## ##..#
....(....# ##..#
##........# .#...


You could see Ijyb.

Vanquished Creatures
  A hound (D:2)
  An orc wizard (D:2)
  6 adders
  2 dart slugs (D:1)
  5 bats
  4 endoplasms
  A giant cockroach (D:1)
  10 goblins
  7 hobgoblins
  6 kobolds
  3 quokkas
  A ball python (D:3)
  8 frilled lizards
  4 rats
59 creatures vanquished.

Notes
Turn   | Place    | Note
-------+----------+-------------------------------------------
     0 | D:1      | ChaosChampion the Draconian Transmuter began the quest for
                  | the Orb.
     0 | D:1      | Reached XP level 1. HP: 16/16 MP: 3/3
   475 | D:1      | Reached XP level 2. HP: 22/23 MP: 3/5
  1076 | D:1      | Reached XP level 3. HP: 29/29 MP: 6/6
  1443 | D:2      | Reached XP level 4. HP: 36/36 MP: 5/7
  1496 | D:2      | Reached skill level 4 in Unarmed Combat
  1499 | D:2      | Learned a level 2 spell: Wereblood
  1503 | D:2      | Learned a level 3 spell: Spider Form
  1984 | D:2      | Found a faded altar of an unknown god.
  2510 | D:3      | Found a transporter.
  2510 | D:3      | Noticed kelmiir's ghost (amateur GnFE)
  2518 | D:3      | Found a transporter.
  2685 | D:3      | Reached XP level 5. HP: 34/42 MP: 4/8
  3042 | D:3      | Found a radiant altar of Vehumet.
  3102 | D:3      | Found Jureoxuh's Antique Armour Shoppe.
  3224 | D:3      | Noticed Ijyb
  3229 | D:3      | Paralysed by Ijyb for 6 turns
  3244 | D:3      | Slain by Ijyb

Illustrated notes

Levels and vault maps discovered:
D:1:      lightli_arrival_statuegarden, layout_loops_corners
D:2:      layout_basic, dilly_ecumenical_altar_fadedgnrine, minmay_pentomino_z2
D:3:      layout_basic, general_overflow_altar, nicolae_ashenzari_panopticon,
          gammafunk_ghost_mausoleum, serial_shops, nicolae_shop_behind_doors,
          minmay_checkerbox, uniq_ijyb

Skill      XL: |  1  2  3  4 |
---------------+-------------+-----
Dodging        | 2 |  2.7
Fighting       | 2 |  2.6
Unarmed Combat | 4 |  4.4
Spellcasting   | |  2.0
Transmutations | |  2.9

Action                   |  1- 3 |  4- 6 || total
-------------------------+-------+-------++-------
Melee: Unarmed           |    78 |    95 ||   173
       Kick              |    14 |     5 ||    19
       Headbutt          |     7 |     4 ||    11
       Tailslap          |     5 |     3 ||     8
       Punch             |     1 |       ||     1
 Cast: Beastly Appendage |    22 |     9 ||    31
       Spider Form       |       |     4 ||     4
       Wereblood         |       |     4 ||     4
 Stab: Sleeping          |     1 |       ||     1
Armor: Skin              |    19 |    23 ||    42
Dodge: Dodged            |    40 |    62 ||   102

Table legend: (Time is in decaauts)
 A = Elapsed time spent in this place.
 B = Non-inter-level travel time spent in this place.
 C = Inter-level travel time spent in this place.
 D = Time resting spent in this place.
 E = Time spent auto-exploring this place.
 F = Levels seen in this place.
 G = Mean time per level.
                   A        B        C        D        E       F      G
               +--------+--------+--------+--------+--------+-----+--------+
         Total |   3234 |   3206 |     28 |      0 |   2767 |   3 | 1078.0 |
       Dungeon |   3234 |   3206 |     28 |      0 |   2767 |   3 | 1078.0 |
               +--------+--------+--------+--------+--------+-----+--------+

Top non-repeatable levels by time:
     D:2: 1241 daAuts
     D:1: 1219 daAuts
     D:3: 773 daAuts
